 Dungeon Sprint DCSS version 0.31-a0-841-g038b102fc3 (webtiles) character file.

Game seed: 17235379204725554349

155 sircluck the Ruffian (level 5, -5/58 HPs)
             Began as a Troll Berserker on Sept 27, 2023.
             Was a Follower of Trog.
             Slain by an orange demon (8 damage)
             ... in the Dungeon (Sprint VII: "The Pits").
             The game lasted 00:00:23 (36 turns).

sircluck the Ruffian (Troll Berserker)                Turns: 36, Time: 00:00:24

Health: -5/58      AC:  4    Str: 27    XL:     5   Next: 14%
Magic:  4/4        EV: 11    Int:  3    God:    Trog [*.....]
Gold:   0          SH:  0    Dex:  9    Spells: 4/4 levels left

rFire   . .          .
                       - Unarmed
rCold   . . .        (no shield)
rNeg    . . .        a - +0 animal skin
rPois   .            (helmet restricted)
rElec   .            (no cloak)
rCorr   .            (gloves unavailable)
SInv    .            (boots unavailable)
Will    .....        (no amulet)
Stlth   +            (no ring)
HPRegen 1.09/turn    (no ring)
MPRegen 0.09/turn

%: no teleportation
@: lethally poisoned (-5 -> -5), weakened, on berserk cooldown, slowed, very
slow
A: large, unfitting armour, claws 3, regeneration 1, shaggy fur 1, tough skin 1
a: Renounce Religion, Berserk


You were in the Dungeon.
You worshipped Trog.
Trog was aware of your devotion.
You visited 1 branch

Inventory:

Armour
 a - a +0 animal skin (worn)
Scrolls
 g - a scroll of blinking
Potions
 b - a potion of curing
 c - a potion of heal wounds
 d - a potion of haste
 e - 2 potions of magic
 f - a potion of berserk rage


   Skills:
 + Level 5.6 Fighting
 + Level 5.5 Dodging
 + Level 6.6 Unarmed Combat


You had 4 spell levels left.
You didn't know any spells.
Your spell library was empty.

Dungeon Overview and Level Annotations

Branches:
Dungeon (1/1)

Altars:


Innate Abilities, Weirdness & Mutations

You are too large for most types of armour.
You have claws for hands.
Your natural rate of healing is unusually fast.
You are covered in fur. (AC +1)
You have tough skin. (AC +1)


Message History

The orange demon poisons you! The orange demon hits you.
You feel your attacks grow feeble. The orange demon stings you!
The orange demon barely misses you.
You claw the orange demon!
The orange demon is heavily wounded.
You feel very sick. The orange demon barely misses you.
The orange demon hits you.
You feel as though you will be weak longer.
You scratch the orange demon.
The orange demon is heavily wounded.
You feel very sick. The orange demon stings you. The orange demon hits you.
* * * LOW HITPOINT WARNING * * *
You feel as though you will be weak longer.
The orange demon barely misses you. x2
Unknown command.
Unknown command.
You claw the orange demon!
The orange demon is severely wounded.
You feel sick. The orange demon misses you. The orange demon hits you!
* * * LOW HITPOINT WARNING * * *
Unknown command.
Unknown command.
Unknown command.
You scratch the orange demon but do no damage.
The orange demon is severely wounded.
You feel sick. The orange demon barely misses you.
The orange demon hits you but does no damage.
You scratch the orange demon.
The orange demon is severely wounded.
You feel sick.
The orange demon stings you but does no damage.
The orange demon hits you.
* * * LOW HITPOINT WARNING * * *
Unknown command.
Unknown command.
You scratch the orange demon.
The orange demon is severely wounded.
You feel sick. The orange demon stings you!
You die...

##########++######
#................#
#......#..#......#
#................+
+................+
#......#..#......#
#...4....)[......#
####@#####''######
#.......##''#
#.......##...
#.......##...#
#...<...##g4##
#.......##..#
#.......##..+
#.......#
#########


You could see an orange demon.

Vanquished Creatures
  A spriggan (D)
  A goblin (D)
2 creatures vanquished.

Notes
Turn   | Place    | Note
-------+----------+-------------------------------------------
     0 | D        | sircluck the Troll Berserker began the quest for the Orb.
     0 | D        | Reached XP level 1. HP: 22/22 MP: 0/0
    11 | D        | Noticed a spriggan
    11 | D        | Noticed an orange demon
    16 | D        | Killed a spriggan
    17 | D        | Reached skill level 5 in Fighting
    17 | D        | Reached skill level 5 in Dodging
    17 | D        | Reached skill level 6 in Unarmed Combat
    17 | D        | Reached XP level 2. HP: 35/35 MP: 1/1
    17 | D        | Reached XP level 3. HP: 42/42 MP: 2/2
    17 | D        | Reached XP level 4. HP: 50/50 MP: 3/3
    17 | D        | Reached XP level 5. HP: 58/58 MP: 4/4
    36 | D        | Slain by an orange demon

Illustrated notes

Levels and vault maps discovered:
D:        pitsprint [storerooms_1, entrance_room_1, metal_vault_7, armoury_3,
          mini_pit_1, grid_room_1, main_hall_1, silver_pit, the_coven_3,
          the_vestibule_1, steel_vault_2, golden_pit, hallway_of_sentries,
          crystal_vault_4, iron_vault_4, final_vault]

Skill      XL: |  1 |
---------------+----+-----
Fighting       | 5 |  5.6
Dodging        | 5 |  5.5
Unarmed Combat | 6 |  6.6

Action                     |  1- 3 |  4- 6 || total
---------------------------+-------+-------++-------
  Melee: Unarmed           |     3 |     8 ||    11
         Punch             |       |     1 ||     1
 Invoke: Berserk           |     1 |       ||     1
 Armour: Animal skin       |       |    13 ||    13
  Dodge: Dodged            |     2 |     7 ||     9

Table legend: (Time is in decaauts)
 A = Elapsed time spent in this place.
 B = Non-inter-level travel time spent in this place.
 C = Inter-level travel time spent in this place.
 D = Time resting spent in this place.
 E = Time spent auto-exploring this place.
 F = Levels seen in this place.
 G = Mean time per level.
                   A        B        C        D        E       F      G
               +--------+--------+--------+--------+--------+-----+--------+
         Total |     38 |     38 |      0 |      0 |     11 |   1 |   38.0 |
       Dungeon |     38 |     38 |      0 |      0 |     11 |   1 |   38.0 |
               +--------+--------+--------+--------+--------+-----+--------+

Top non-repeatable levels by time:
       D: 38 daAuts
